 Dungeon Crawl Stone Soup version 0.28.0-45-g0d030f2227 (webtiles) character file.

Game seed: 13822343263186369507

114 Icepheonix32 the Skirmisher (level 4, 0/37 HPs)
             Began as a Demonspawn Fighter on Apr 10, 2022.
             Succumbed to an adder's poison
             ... on level 3 of the Dungeon.
             The game lasted 00:02:01 (2340 turns).

Icepheonix32 the Skirmisher (Demonspawn Fighter)    Turns: 2340, Time: 00:02:01

Health: 0/37       AC: 11    Str: 19    XL:     4   Next: 66%
Magic:  4/4        EV:  9    Int:  9    God:
Gold:   173        SH:  4    Dex: 12    Spells: 3/3 levels left

rFire   . . .      SeeInvis .   a - +0 long sword
rCold   . . .      Faith    .   c - +0 buckler
rNeg    . . .      Spirit   .   b - +0 scale mail
rPois   .          Reflect  .   (no helmet)
rElec   .          Harm     .   l - +2 cloak
rCorr   +          Rampage  .   (no gloves)
Will    .....                   (no boots)
Stlth   ..........              (no amulet)
HPRegen 0.12/turn               f - ring of resist corrosion
MPRegen 0.09/turn               (no ring)

@: lethally poisoned (0 -> -1)
A: claws 1, rugged brown scales 1, demonic magic 1
a: no special abilities


You were on level 3 of the Dungeon.
You visited 1 branch of the dungeon, and saw 3 of its levels.

You collected 173 gold pieces.

Inventory:

Hand Weapons
 a - a +0 long sword (weapon)
 e - a +1 hunting sling of freezing
Missiles
 i - 2 poisoned darts (quivered)
Armour
 b - a +0 scale mail (worn)
 c - a +0 buckler (worn)
 l - a +2 cloak (worn)
Magical Staves
 n - a staff of air
Jewellery
 f - a ring of resist corrosion (left claw)
Scrolls
 k - a scroll of teleportation
 m - 2 scrolls of identify {unknown}
Potions
 d - a potion of might
 g - 2 potions of flight {unknown}
 h - a potion of haste {unknown}
 j - 2 potions of invisibility {unknown}


   Skills:
 + Level 3.6 Fighting
 - Level 1.9 Long Blades
 + Level 3.5 Armour
 + Level 0.4 Dodging
 + Level 3.3 Shields
 * Level 1.1 Unarmed Combat
 * Level 0.4 Spellcasting


You had 3 spell levels left.
You didn't know any spells.
Your spell library was empty.

Dungeon Overview and Level Annotations

Branches:
Dungeon (3/15)

Altars:

Annotations:
D:3 1 runed translucent door, Zeor's ghost, amateur GrGl


Innate Abilities, Weirdness & Mutations

You have sharp fingernails.
You are partially covered in rugged brown scales. (AC +1, +3% HP)
Spells you cast may paralyse adjacent enemies.


Message History

You closely miss the bat. The bat hits you but does no damage.
The adder closely misses you.
You miss the bat. The bat barely misses you. The adder barely misses you.
The adder bites you but does no damage.
You barely miss the bat. The bat barely misses you.
The adder barely misses you. x2
You closely miss the bat. The bat barely misses you.
You block the adder's attack. The adder bites you but does no damage.
The bat hits you but does no damage. The adder barely misses you.
You closely miss the adder. The bat barely misses you.
The adder bites you but does no damage. You block the adder's attack.
You closely miss the adder. The bat barely misses you. The adder bites you.
* * * LOW HITPOINT WARNING * * *
You are poisoned.
The adder poisons you!
You completely miss the adder.
* * * LOW HITPOINT WARNING * * *
You feel very sick. The bat closely misses you. The adder bites you.
* * * LOW HITPOINT WARNING * * *
You block the adder's attack.
You slash the adder!
The adder is severely wounded.
* * * LOW HITPOINT WARNING * * *
You feel sick. The bat hits you but does no damage. The adder bites you.
* * * LOW HITPOINT WARNING * * *
The adder closely misses you.
You barely miss the adder.
The adder is severely wounded.
* * * LOW HITPOINT WARNING * * *
You feel sick. You block the bat's attack.
The adder bites you but does no damage. x2
You miss the adder.
The adder is severely wounded.
* * * LOW HITPOINT WARNING * * *
You feel sick. The bat hits you but does no damage.
The adder bites you but does no damage. The bat hits you but does no damage.
You miss the adder.
The adder is severely wounded.
You die...

#### ..# #.#
#######.####
##..........#
#...........########
.................†.#
##...###...##..S@..#
##.#.# #.#.###.b...#
##..b# #...# #.....#
..###. .###........#
#.# .#. .#......#
..# #.# #........#
##..#.#. ###.....#
#.# #..#### ##..#.


You could see an adder and a bat.

Vanquished Creatures
  An orc priest (D:3)
  3 adders
  5 dart slugs
  6 endoplasms
  4 giant cockroaches
  7 goblins
  3 hobgoblins
  3 quokkas (D:1)
  2 ball pythons
  2 bats
  A frilled lizard (D:2)
  4 kobolds
  4 rats
45 creatures vanquished.

Vanquished Creatures (others)
  2 withered plants (D:3)
2 creatures vanquished.

Grand Total: 47 creatures vanquished

Notes
Turn   | Place    | Note
-------+----------+-------------------------------------------
     0 | D:1      | Icepheonix32 the Demonspawn Fighter began the quest for the
                  | Orb.
     0 | D:1      | Reached XP level 1. HP: 18/18 MP: 1/1
     2 | D:1      | Noticed a troll
     4 | D:1      | Noticed a demonspawn
     4 | D:1      | Noticed a formicid
     6 | D:1      | Noticed a gargoyle
     8 | D:1      | Noticed a human
     8 | D:1      | Noticed a vampire
    10 | D:1      | Noticed a dwarf
    12 | D:1      | Noticed an octopode
    12 | D:1      | Noticed a felid
    14 | D:1      | Noticed a spriggan
    16 | D:1      | Noticed a draconian
    16 | D:1      | Noticed an elf
    18 | D:1      | Noticed a ghoul
    18 | D:1      | Noticed an ogre
    20 | D:1      | Noticed a vine stalker
    20 | D:1      | Noticed a demigod
    22 | D:1      | Noticed a minotaur
    22 | D:1      | Noticed a naga
    24 | D:1      | Noticed a merfolk
    26 | D:1      | Noticed a tengu
   208 | D:1      | Gained mutation: You have sharp fingernails. [demonic
                  | ancestry]
   208 | D:1      | Reached XP level 2. HP: 18/24 MP: 2/2
   926 | D:2      | Gained mutation: Spells you cast may paralyse adjacent
                  | enemies. [demonic ancestry]
   926 | D:2      | Reached XP level 3. HP: 11/29 MP: 3/3
  1953 | D:3      | Gained mutation: You are partially covered in rugged brown
                  | scales. (AC +1, +3% HP) [demonic ancestry]
  1953 | D:3      | Reached XP level 4. HP: 11/36 MP: 4/4
  2177 | D:3      | Found a runed translucent door.
  2177 | D:3      | Noticed Zeor's ghost (amateur GrGl)
  2261 | D:3      | Reached skill level 1 in Unarmed Combat
  2339 | D:3      | HP: 1/37 [poisoned by an adder]
  2340 | D:3      | Succumbed to an adder's poison

Illustrated notes

Levels and vault maps discovered:
D:1:      kb_arrival_jail, layout_rooms, kennysheep_crisscross, chequers_avenue,
          minmay_misc_feat_diagonals
D:2:      layout_loops_cross
D:3:      minmay_inner_zag, layout_basic, gammafunk_ghost_grave,
          minmay_starry_boxes

Skill      XL: |  1  2  3  4 |
---------------+-------------+-----
Shields        | 3 |  3.3
Armour         | 3 |  3.5
Unarmed Combat | 1 |  1.1
Fighting       | |  3.6
Long Blades    | |  1.9
Dodging        | |  0.4
Spellcasting   | |  0.4

Action                   |  1- 3 |  4- 6 || total
-------------------------+-------+-------++-------
Melee: Long sword        |   117 |    50 ||   167
  Use: Scroll            |     3 |       ||     3
Armor: Scale mail        |    58 |    70 ||   128
Dodge: Dodged            |    43 |    46 ||    89
Block: Buckler           |    40 |    30 ||    70
